 Dungeon Crawl Stone Soup version 0.17.1-1-g73c8601 (webtiles) character file.

89 Implojin the Ruffian (level 4, -13/44 HPs)
             Began as a Troll Fighter on Apr 4, 2016.
             Was an Initiate of Okawaru.
             Mangled by sotonohito's ghost (18 damage)
             ... on level 5 of the Dungeon.
             The game lasted 00:04:13 (667 turns).

Implojin the Ruffian (Troll Fighter)                 Turns: 667, Time: 00:04:13

Health: -13/44     AC: 11    Str: 24    XL:     4   Next: 31%
Magic:  3/3        EV:  8    Int:  4    God:    Okawaru [......]
Gold:   33         SH:  8    Dex: 10    Spells: 0 memorised, 3 levels left

rFire  + + .     SeeInvis +       - Unarmed
rCold  x . .     Clarity  .     j - +0 fire dragon armour
rNeg   . . .     SustAt   .     b - +0 shield
rPois  .         Gourm    +     (helmet restricted)
rElec  .         Spirit   .     (no cloak)
rCorr  .         Warding  .     (gloves unavailable)
rMut   .         Stasis   .     (boots unavailable)
MR     .....                    (no amulet)
Stlth  ..........               m - +2 ring of evasion
                                e - ring of see invisible

@: not resistant to hostile enchantments, extremely unstealthy
A: unfitting armour, claws 3, fast metabolism 3, gourmand, regeneration 2,
shaggy fur 1, tough skin 2
a: Renounce Religion


You were on level 5 of the Dungeon.
You worshipped Okawaru.
Okawaru was noncommittal.
You were not hungry.

You visited 2 branches of the dungeon, and saw 6 of its levels.

You collected 33 gold pieces.

Inventory:

Missiles
 q - 2 tomahawks (quivered)
Armour
 b - a +0 shield (worn)
 j - a +0 fire dragon armour (worn)
Jewellery
 e - a ring of see invisible (left claw)
 m - a +2 ring of evasion (right claw)
Wands
 k - a wand of confusion (15)
Scrolls
 g - 2 scrolls of remove curse {unknown}
 i - a scroll of teleportation {unknown}
 l - 3 scrolls of identify {unknown}
Potions
 a - a potion of beneficial mutation {unknown}
 c - a potion of might
 f - a potion of ambrosia {unknown}
 h - a potion of brilliance {unknown}
 n - a potion of flight {unknown}
 o - a potion of lignification {unknown}
Comestibles
 d - 5 bread rations
 p - a beef jerky


   Skills:
 - Level 2.4 Fighting
 - Level 2.4 Dodging
 - Level 2.4 Shields
 * Level 4.6 Unarmed Combat


You had 3 spell levels left.
You didn't know any spells.

Dungeon Overview and Level Annotations

Branches:
Dungeon (5/15)             Temple (1/1) D:4

Altars:
Ashenzari
Cheibriados
Dithmenos
Elyvilon
Fedhas
Gozag
Kikubaaqudgha
Makhleb
Nemelex Xobeh
Okawaru
Qazlal
Ru
Trog
Vehumet
Zin
The Shining One

Annotations:
D:5 sotonohito's ghost, novice HuIE


Innate Abilities, Weirdness & Mutations

You are too large for most types of armour.
You have claws for hands.
Your metabolism is lightning-fast.
You like to eat raw meat.
You heal very quickly.
You are covered in fur (AC +1).
You have very tough skin (AC +2).


Message History

Sotonohito's ghost hits you but does no damage.
You scratch sotonohito's ghost.
Sotonohito's ghost is moderately damaged.
Sotonohito's ghost misses you.
Your shield and fire dragon armour prevent you from hitting sotonohito's ghost.
Sotonohito's ghost is moderately damaged.
Sotonohito's ghost hits you but does no damage.
You scratch sotonohito's ghost.
Sotonohito's ghost is moderately damaged.
Sotonohito's ghost barely misses you.
You claw sotonohito's ghost!
Sotonohito's ghost is heavily damaged.
Sotonohito's ghost says, "Death is but another step down the path of knowledge."
You block sotonohito's ghost's attack.
You claw sotonohito's ghost!
Sotonohito's ghost is severely damaged.
Sotonohito's ghost hits you but does no damage.
You are electrocuted!
* * * LOW HITPOINT WARNING * * *
You barely miss sotonohito's ghost.
Sotonohito's ghost is severely damaged.
Sotonohito's ghost hits you.
* * * LOW HITPOINT WARNING * * *
You are electrocuted!
* * * LOW HITPOINT WARNING * * *
Found a runed helmet.
Found a naga barding.
A necrophage comes into view.
Read which item? (? for menu, Esc to quit)
Okay, then.
The necrophage hits you but does no damage.
Unknown command.
Drink which item? (? for menu, Esc to quit)
Okay, then.
Read which item? (? for menu, Esc to quit)
Okay, then.
Sotonohito's ghost hits you.
* * * LOW HITPOINT WARNING * * *
You are electrocuted!
You die...

#....# #...# ......
.## #..# ##.$##.. ..
##..#####..# #.# #.#
##..........###.# ..
....#...........##.#
...........#....#..#
..##.......# #..#[#
.####.....## ##n@.#
.# ##...(####.W#..#
.. #.###..##.####...
#. #..# ##.....#
.#.. ..#..##
##.>......## .....
#.........# .##..
#.......#..# . ##.
....#...# ..
.........# .


You could see a necrophage and sotonohito's ghost.

Vanquished Creatures
  Natasha (D:3)
  A gnoll (D:1)
  3 adders
  An ooze (D:1)
  A worm (D:2)
  2 giant geckos (D:2)
  2 giant cockroaches
  2 goblins (D:1)
  2 hobgoblins (D:2)
  2 kobolds (D:1)
  A bat (D:1)
  3 giant newts
  A quokka (D:2)
  7 rats
29 creatures vanquished.

Notes
Turn   | Place    | Note
--------------------------------------------------------------
     0 | D:1      | Implojin the Troll Fighter began the quest for the Orb.
     0 | D:1      | Reached XP level 1. HP: 22/22 MP: 0/0
   154 | D:1      | Reached XP level 2. HP: 19/29 MP: 1/1
   214 | D:1      | Reached skill level 3 in Unarmed Combat
   362 | D:2      | Reached XP level 3. HP: 36/36 MP: 2/2
   474 | D:3      | Noticed Natasha
   485 | D:3      | Killed Natasha
   485 | D:3      | Reached skill level 4 in Unarmed Combat
   485 | D:3      | Reached XP level 4. HP: 44/44 MP: 3/3
   518 | D:4      | Found a staircase to the Ecumenical Temple.
   519 | D:4      | Noticed a phantom
   539 | Temple   | Entered the Ecumenical Temple
   568 | Temple   | Became a worshipper of Warmaster Okawaru
   598 | D:4      | Found a shadowy altar of Dithmenos.
   629 | D:5      | Entered Level 5 of the Dungeon
   639 | D:5      | Noticed sotonohito's ghost (novice HuIE)
   664 | D:5      | Noticed a necrophage
   667 | D:5      | Mangled by sotonohito's ghost

Action                   |  1- 3 |  4- 6 || total
-------------------------+-------+-------++-------
Melee: Unarmed           |    75 |    22 ||    97
  Use: Potion            |     1 |       ||     1
  Eat: Chunk             |     6 |     1 ||     7

Table legend:
 A = Turns spent in this place as a percentage of turns spent in the entire game.
 B = Non-inter-level travel turns spent in this place as a percentage of non-inter-level travel turns spent in the entire game.
 C = Inter-level travel turns spent in this place as a percentage of turns spent in this place.
 D = Turns resting spent in this place as a percentage of non-inter-level travel turns spent in this place.
 E = Turns spent auto-exploring this place as a percentage of non-inter-level travel turns spent in this place.
 F = Non-inter-level travel turns spent in this place divided by the number of levels of this place that you've seen.
                   A       B       C       D       E      F
               +-------+-------+-------+-------+-------+----------------------
         Total | 100.0 | 100.0 |   0.0 |   0.0 |   0.0 | 108.2
       Dungeon |  92.9 |  92.9 |   0.0 |   0.0 |   0.0 | 120.6
        Temple |   7.1 |   7.1 |   0.0 |   0.0 |   0.0 |  46.0
               +-------+-------+-------+-------+-------+----------------------

Table legend:
 A = Kills in this place as a percentage of kills in entire the game.
 B = Kills by you in this place as a percentage of kills by you in the entire game.
 C = Kills by friends in this place as a percentage of kills by friends in the entire game.
 D = Other kills in this place as a percentage of other kills in the entire game.
 E = Experience gained in this place as a percentage of experience gained in the entire game.
 F = Experience gained in this place divided by the number of levels of this place that you have seen.
                   A       B       C       D       E      F
               +-------+-------+-------+-------+-------+----------------------
         Total | 100.0 | 100.0 |  -nan |  -nan | 100.0 |  21.3
       Dungeon |  96.6 |  96.6 |  -nan |  -nan |  89.8 |  23.0
        Temple |   3.4 |   3.4 |  -nan |  -nan |  10.2 |  13.0
               +-------+-------+-------+-------+-------+----------------------
